 Dungeon Crawl Stone Soup version 0.20.0-8-g6b59dc7 (webtiles) character file.

3516 Rrauwl the Severer (level 9, -11/74 HPs)
             Began as a Minotaur Berserker on May 31, 2017.
             Was a Priest of Trog.
             Mangled by a death yak (22 damage)
             ... on level 8 of the Dungeon.
             The game lasted 00:24:09 (6968 turns).

Rrauwl the Severer (Minotaur Berserker)             Turns: 6968, Time: 00:24:10

Health: -11/74     AC:  9    Str: 22    XL:     9   Next: 81%
Magic:  0/8        EV: 12    Int:  5    God:    Trog [***...]
Gold:   330        SH: 12    Dex: 14    Spells: 8/8 levels left

rFire    + . .     SeeInvis +   a - +0 hand axe
rCold    . . .     Gourm    .   h - +4 shield of Fun and Games {rF+ Dex+2 SInv}
rNeg     + . .     Faith    .   r - +2 scale mail {rN+}
rPois    .         Spirit   +   p - +0 hat
rElec    .         Reflect  .   (no cloak)
rCorr    .         Harm     .   f - +0 pair of gloves (curse)
MR       ++...                  (no boots)
Stlth    +.........             e - amulet of guardian spirit
Regen    1.3/turn               m - +4 ring of evasion
MPRegen  0.2/turn               g - ring of stealth

@: berserk cooldown, regenerating, slowed, very slow
A: retaliatory headbutt, horns 2, talons 1, sense surroundings 1
a: Berserk, Trog's Hand, Burn Spellbooks, Renounce Religion


You were on level 8 of the Dungeon.
You worshipped Trog.
Trog was most pleased with you.
You were hungry.

You visited 2 branches of the dungeon, and saw 9 of its levels.

You collected 330 gold pieces.

Inventory:

Hand Weapons
 a - a +0 hand axe (weapon)
 c - a +1 whip of venom
Armour
 f - a cursed +0 pair of gloves (worn)
 h - the +4 shield of Fun and Games (worn) {rF+ Dex+2 SInv}
   (You took it off an orc on level 5 of the Dungeon)

   It affects your dexterity (+2).
   It protects you from fire.
   It lets you see invisible.
 p - a +0 hat (worn)
 r - a +2 scale mail of positive energy (worn)
Jewellery
 e - an amulet of guardian spirit (around neck)
 g - a ring of stealth (right hand)
 m - a +4 ring of evasion (left hand)
Wands
 d - a wand of disintegration (18/24)
 o - a wand of lightning (5/15)
Scrolls
 j - 4 scrolls of remove curse
 k - a scroll of fog
Potions
 b - a potion of mutation
Comestibles
 i - a meat ration
 l - 2 bread rations
 q - a royal jelly


   Skills:
 - Level 5.0 Fighting
 + Level 15.5 Axes
 - Level 3.0 Armour
 - Level 3.0 Dodging


You had 8 spell levels left.
You didn't know any spells.

Dungeon Overview and Level Annotations

Branches:
Dungeon (8/15)             Temple (1/1) D:4
   Lair: D:8-11

Altars:
Ashenzari
Cheibriados
Dithmenos
Elyvilon
Fedhas
Gozag
Hepliaklqana
Kikubaaqudgha
Makhleb
Nemelex Xobeh
Okawaru
Qazlal
Ru
Sif Muna
Trog
Uskayaw
Vehumet
Xom
Yredelemnul
Zin
The Shining One


Innate Abilities, Weirdness & Mutations

You reflexively headbutt those who attack you in melee.
You have a pair of horns on your head.
You have sharp toenails.
You passively map a small area around you.


Message History

You hear a mighty clap of thunder!
The bolt of lightning hits the death yak.
The death yak is lightly wounded.
The bolt of lightning hits the death yak.
The death yak is lightly wounded.
This wand has 6 charges left.
You hear an angry hiss.
The death yak barely misses you. The death yak gores you.
* * * LOW HITPOINT WARNING * * *
Unknown command.
Evoke which item? (* to show all) (? for menu, Esc to quit)
Aiming: Lightning Bolt
Press: ? - help, Shift-Dir - straight line You hear a mighty clap of thunder!
The bolt of lightning hits the death yak.
The death yak is moderately wounded.
The bolt of lightning hits the death yak.
The death yak is moderately wounded.
This wand has 5 charges left.
The death yak gores you!!
You die...

##### ########...##
#......#.#..#
........_...#
.......#.#..##########
............§§YY@§§..+
,,
...........§##########
#....[.....Y.YY.....
.............Y...... *
.........#..Y....... *
########.#######.... *
#.* * ... , * * , .Y ,
* , ,Y


You could see 2 death yaks.

Vanquished Creatures
  A death yak (D:8)
  Grinder (D:5)
  A yak (D:8)
  A hungry ghost (D:7)
  Edmund (D:6)
  An orc warrior (D:7)
  2 sky beasts
  An ogre (D:6)
  2 phantoms
  2 centaurs
  A crocodile (D:8)
  Blork the orc (D:6)
  4 bullfrogs
  2 scorpions
  3 howler monkeys (D:7)
  2 crimson imps
  2 lava snakes (D:7)
  A bullfrog zombie (D:7)
  A hound (D:4)
  4 orc priests
  A gnoll shaman (D:3)
  4 orc wizards
  An iguana (D:8)
  4 worker ants
  28 gnolls
  5 adders
  A shadow imp (D:5)
  An ooze (D:1)
  An adder skeleton (D:4)
  A worm (D:2)
  3 dart slugs
  3 leopard geckos
  18 orcs
  5 giant cockroaches
  3 goblins
  7 hobgoblins
  23 jackals
  5 kobolds
  2 quokkas (D:2)
  2 ball pythons (D:2)
  5 bats
  A jackal skeleton (D:4)
  4 rats
162 creatures vanquished.

Vanquished Creatures (others)
  A crimson imp (D:8)
1 creature vanquished.

Grand Total: 163 creatures vanquished

Notes
Turn   | Place    | Note
-------+----------+-------------------------------------------
     0 | D:1      | Rrauwl the Minotaur Berserker began the quest for the Orb.
     0 | D:1      | Reached XP level 1. HP: 19/19 MP: 0/0
   233 | D:1      | Reached XP level 2. HP: 27/27 MP: 1/1
   648 | D:1      | Reached skill level 4 in Axes
   748 | D:2      | Reached XP level 3. HP: 30/33 MP: 2/2
   974 | D:2      | Found a faded altar of an unknown god.
  1270 | D:2      | Found a blossoming altar of Fedhas.
  1272 | D:2      | Found a glowing golden altar of the Shining One.
  1280 | D:2      | Found a burning altar of Makhleb.
  1462 | D:2      | Reached ** piety under Trog
  1733 | D:3      | Reached XP level 4. HP: 27/41 MP: 3/3
  1737 | D:3      | Reached skill level 5 in Axes
  1964 | D:3      | Reached XP level 5. HP: 42/47 MP: 4/4
  2041 | D:3      | Reached skill level 5 in Fighting
  2417 | D:3      | Reached skill level 6 in Axes
  2439 | D:3      | HP: 2/72 [gnoll/club (3)]
  2453 | D:3      | HP: 1/72 [gnoll (5)]
  2598 | D:3      | Reached XP level 6. HP: 35/56 MP: 5/5
  2756 | D:3      | Reached skill level 7 in Axes
  2984 | D:3      | Reached *** piety under Trog
  3356 | D:3      | Reached skill level 8 in Axes
  3546 | D:4      | Reached XP level 7. HP: 61/61 MP: 6/6
  3799 | D:4      | Reached skill level 9 in Axes
  3871 | D:4      | Found a staircase to the Ecumenical Temple.
  3892 | Temple   | Entered the Ecumenical Temple
  4276 | D:4      | Found a bloodstained altar of Trog.
  4277 | D:4      | Found a basalt altar of Yredelemnul.
  4432 | D:5      | Entered Level 5 of the Dungeon
  4694 | D:5      | Reached skill level 10 in Axes
  4727 | D:5      | Found a shimmering altar of Xom.
  4729 | D:5      | Found a shimmering altar of Xom.
  4730 | D:5      | Found a shimmering altar of Xom.
  4730 | D:5      | Found a shimmering altar of Xom.
  4848 | D:5      | Noticed Grinder
  4873 | D:5      | Killed Grinder
  4873 | D:5      | Reached skill level 11 in Axes
  4873 | D:5      | Reached XP level 8. HP: 68/68 MP: 5/7
  5203 | D:5      | Found a snail-covered altar of Cheibriados.
  5314 | D:5      | Gained mutation: You passively map a small area around you. [potion of mutation]
  5314 | D:5      | Gained mutation: You have sharp toenails. [potion of mutation]
  5377 | D:5      | Got a bloodstained shield
  5388 | D:5      | Identified the +4 shield of Fun and Games {rF+ Dex+2 SInv} (You took it off an orc on level 5 of the Dungeon)
  5593 | D:6      | Reached skill level 12 in Axes
  5607 | D:6      | Noticed Blork the orc
  5614 | D:6      | Killed Blork the orc
  5729 | D:6      | Noticed Edmund
  5742 | D:6      | Killed Edmund
  5787 | D:6      | Reached skill level 13 in Axes
  6102 | D:7      | Reached XP level 9. HP: 74/74 MP: 8/8
  6528 | D:7      | Reached skill level 14 in Axes
  6630 | D:7      | Reached **** piety under Trog
  6841 | D:8      | Found a glowing silver altar of Zin.
  6842 | D:8      | Noticed an angel
  6849 | D:8      | Found a shimmering altar of Xom.
  6912 | D:8      | Found a radiant altar of Vehumet.
  6926 | D:8      | Noticed a death yak
  6933 | D:8      | Noticed a death yak
  6933 | D:8      | Noticed a death yak
  6952 | D:8      | Killed a death yak
  6952 | D:8      | Reached skill level 15 in Axes
  6956 | D:8      | Noticed a death yak
  6956 | D:8      | Noticed a death yak
  6968 | D:8      | Mangled by a death yak

Skill      XL: |  1  2  3  4  5  6  7  8  9 |
---------------+----------------------------+-----
Axes           | 4 5 6 8 11 13 15 | 15.5
Fighting       | 4 5 |  5.0
Dodging        | 3 |  3.0
Armour         | 3 |  3.0

Action                   |  1- 3 |  4- 6 |  7- 9 || total
-------------------------+-------+-------+-------++-------
Melee: Hand axe          |    70 |     8 |    88 ||   166
       Headbutt          |    12 |    34 |    61 ||   107
       Whip              |    13 |   155 |   196 ||   364
       Kick              |       |       |    58 ||    58
Invok: Berserk           |       |     2 |     2 ||     4
       Trog's Hand       |       |     1 |     2 ||     3
       Burn Spellbooks   |       |       |     1 ||     1
Evoke: Wand              |       |       |     2 ||     2
  Use: Scroll            |     1 |     1 |    10 ||    12
       Potion            |       |     6 |     8 ||    14
 Stab: Sleeping          |     1 |       |     1 ||     2
  Eat: Chunk             |     2 |     8 |     7 ||    17
       Bread ration      |       |       |     2 ||     2
Armor: Animal skin       |    24 |    11 |     4 ||    39
       Skin              |       |     6 |     7 ||    13
       Ring mail         |       |       |    16 ||    16
       Scale mail        |       |       |     7 ||     7
Dodge: Dodged            |    56 |    80 |    90 ||   226
Block: Shield            |       |       |    52 ||    52
       Buckler           |       |       |     1 ||     1
